 Seeded DCSS version 0.29.1-1-gd02db6906a (webtiles) character file.

Game seed: 6720987179255315397 (custom seed)

45 Iusername the Covered (level 3, -1/33 HPs)
             Began as a Minotaur Fighter on Sept 15, 2022.
             Slain by a black bear (10 damage)
             ... on level 3 of the Dungeon.
             The game lasted 00:01:43 (2008 turns).

Iusername the Covered (Minotaur Fighter)            Turns: 2008, Time: 00:01:43

Health: -1/33      AC:  7    Str: 22    XL:     3   Next: 42%
Magic:  2/2        EV:  9    Int:  5    God:
Gold:   740        SH:  4    Dex:  9    Spells: 2/2 levels left

rFire   . . .      SeeInvis .   a - +0 long sword
rCold   . . .      Faith    .   c - +0 buckler
rNeg    . . .      Spirit   .   b - +0 scale mail
rPois   .          Reflect  .   (helmet restricted)
rElec   .          Harm     .   (no cloak)
rCorr   .          Rampage  .   (no gloves)
Will    .....                   (no boots)
Stlth   ..........              (no amulet)
HPRegen 0.11/turn               (no ring)
MPRegen 0.08/turn               (no ring)

@: no status effects
A: horns 2, retaliatory headbutt
a: no special abilities


You were on level 3 of the Dungeon.
You visited 1 branch of the dungeon, and saw 3 of its levels.

You collected 740 gold pieces.

Inventory:

Hand Weapons
 a - a +0 long sword (weapon)
Missiles
 u - 3 silver boomerangs (quivered)
Armour
 b - a +0 scale mail (worn)
 c - a +0 buckler (worn)
 e - a +0 pair of gloves
Jewellery
 f - a +4 ring of evasion
 o - a ring of fire
 q - a +4 ring of protection
Wands
 n - a wand of flame (24)
Scrolls
 g - 3 scrolls of identify {unknown}
 i - 2 scrolls of butterflies {unknown}
 m - a scroll of poison {unknown}
 p - a scroll of noise {unknown}
 t - a scroll of teleportation {unknown}
Potions
 d - 4 potions of might
 h - 2 potions of lignification {unknown}
 j - 2 potions of attraction {unknown}
 k - a potion of curing {unknown}
 l - 2 potions of ambrosia {unknown}
 r - a potion of berserk rage {unknown}
 s - a potion of magic {unknown}
 v - a potion of haste {unknown}


   Skills:
 + Level 3.9 Fighting
 + Level 2.9 Long Blades
 + Level 4.6 Armour
 + Level 4.1 Shields


You had 2 spell levels left.
You didn't know any spells.
Your spell library contained the following spells:

 Spells                   Type           Power      Damage    Failure   Level
 Scorch                   Fire           0%         2d5       95%         2
 Ozocubu's Armour         Ice            0%         N/A       99%         3
 Flame Wave               Conj/Fire      0%         2d4       100%        4
 Summon Cactus Giant      Summ           0%         N/A       100%        6
 Ozocubu's Refrigeration  Ice            0%         4d7       100%        7


Dungeon Overview and Level Annotations

Branches:
Dungeon (3/15)

Altars:


Innate Abilities, Weirdness & Mutations

You have a pair of horns on your head.
You reflexively headbutt those who attack you in melee.


Message History

An orc is nearby!
A black bear comes into view.
The orc barely misses you. You furiously retaliate!
You headbutt the orc!
You kill the orc!
The black bear growls angrily.
You hear a shout!
You slash the black bear! You headbutt the black bear!
The black bear is heavily wounded.
The black bear bites you. The black bear barely misses you.
The black bear closely misses you.
You barely miss the black bear. Your headbutt misses the black bear.
The black bear is heavily wounded.
The black bear bites you but does no damage.
The black bear claws you but does no damage.
The black bear closely misses you.
You hit the black bear but do no damage.
The black bear is heavily wounded.
The black bear bites you. The black bear barely misses you. x2
You hit the black bear. You headbutt the black bear.
The black bear is severely wounded.
The black bear barely misses you. You furiously retaliate!
You headbutt the black bear.
The black bear claws you but does no damage. x2
The black bear bites you. You block the black bear's attack.
The black bear claws you but does no damage.
You closely miss the black bear.
The black bear is almost dead.
The black bear goes berserk!
You hit the black bear.
The black bear is almost dead.
The black bear bites you!
The black bear claws you but does no damage.
The black bear closely misses you.
The black bear bites you but does no damage.
The black bear claws you but does no damage.
The black bear claws you.
* * * LOW HITPOINT WARNING * * *
You barely miss the black bear.
The black bear is almost dead.
The black bear bites you!
You die...

#.......##
##.....##
##.[.##
#######'##
#.......#
#.#####.#
.#####.###
#......)..#
#..##...@.#
#...h.#
.......#.#
#.####.#..
# ..####
##.# #. #.


You could see a black bear (berserk).

Vanquished Creatures
  A worm (D:2)
  2 dart slugs
  An orc (D:3)
  2 ball pythons
  4 endoplasms (D:1)
  2 giant cockroaches (D:1)
  3 goblins
  3 hobgoblins
  3 quokkas
  3 bats
  5 frilled lizards
  2 kobolds (D:1)
  3 rats
34 creatures vanquished.

Notes
Turn   | Place    | Note
-------+----------+-------------------------------------------
     0 | D:1      | Iusername the Minotaur Fighter began the quest for the Orb.
     0 | D:1      | Reached XP level 1. HP: 19/19 MP: 0/0
   130 | D:1      | Reached XP level 2. HP: 16/27 MP: 1/1
   553 | D:1      | Found a faded altar of an unknown god.
  1203 | D:1      | Identified a scroll of acquirement
  1203 | D:1      | Acquired 684 gold pieces
  1378 | D:2      | Reached XP level 3. HP: 33/33 MP: 2/2
  1999 | D:3      | Noticed a black bear
  2008 | D:3      | Slain by a black bear

Illustrated notes

Levels and vault maps discovered:
D:1:      roderic_octagonal_star, layout_basic,
          shapermc_ecumenical_altar_acropolis
D:2:      layout_basic
D:3:      kennysheep_slugbush, layout_loops_corners,
          gammafunk_temple_overflow_arena

Skill      XL: |  1  2 |
---------------+-------+-----
Armour         | 4 |  4.6
Shields        | 4 |  4.1
Fighting       | |  3.9
Long Blades    | |  2.9

Action                   || total
-------------------------++-------
Melee: Long sword        ||    87
       Headbutt          ||    12
  Use: Scroll            ||     1
Armor: Scale mail        ||    42
Dodge: Dodged            ||    47
Block: Buckler           ||    17
